 Dungeon Crawl Stone Soup version 0.23-a0-175-g97aacdb (webtiles) character file.

39522 Kidiri the Protected (level 13, -4/119 HPs)
             Began as a Minotaur Fighter on Sept 17, 2018.
             Was the Champion of Okawaru.
             Slain by a two-headed ogre
             ... wielding a +0 giant spiked club
              (30 damage)
             ... on level 1 of the Orcish Mines.
             The game lasted 00:48:57 (17642 turns).

Kidiri the Protected (Minotaur Fighter)            Turns: 17642, Time: 00:48:58

Health: -4/119     AC: 12    Str: 27 (28) XL:     13   Next: 69%
Magic:  16/16      EV: 15    Int:  4 (5)  God:    Okawaru [******]
Gold:   1233       SH: 25    Dex: 17 (18) Spells: 12/12 levels left

rFire    + . .     SeeInvis .   U - +1 long sword (protect)
rCold    . . .     Gourm    .   L - +1 large shield {AC+3}
rNeg     . . .     Faith    .   D - +1 leather armour "Mupol" {rPois rF+} (curse)
rPois    +         Spirit   .   H - +2 hat
rElec    .         Reflect  +   k - +0 cloak {+Inv}
rCorr    .         Harm     .   (no gloves)
MR       .....                  S - +0 pair of boots
Stlth    +.........             e - +4 amulet of reflection
HPRegen  0.29/turn              s - +4 ring of dexterity
MPRegen  0.15/turn              o - +4 ring of strength

@: slowed, very slow
A: retaliatory headbutt, horns 2, agile 1, deformed body, deterioration 1
a: Heroism, Finesse, Renounce Religion, Evoke Invisibility


You were on level 1 of the Orcish Mines.
You worshipped Okawaru.
Okawaru was exalted by your worship.
You were not hungry.

You visited 4 branches of the dungeon, and saw 17 of its levels.

You collected 1233 gold pieces.

Inventory:

Hand Weapons
 a - a +2 great sword of electrocution
 B - the +6 hand axe "Eschuo" {venom, rF+ Str+3}
   (You found it on level 8 of the Dungeon)

   It poisons the flesh of those it strikes.
   It affects your strength (+3).
   It protects you from fire.
 U - a +1 long sword of protection (weapon)
Missiles
 y - 10 tomahawks (quivered)
 I - 7 silver javelins
 J - 6 poisoned javelins
 M - 2 javelins
 O - 2 steel tomahawks
 Y - a throwing net
Armour
 k - a +0 cloak of invisibility (worn)
 w - a scarf of resistance
 D - the cursed +1 leather armour "Mupol" (worn) {rPois rF+}
   (You found it on level 1 of the Lair of Beasts)

   It protects you from fire.
   It protects you from poison.
   It has a curse placed upon it.
 E - a +2 chain mail of fire resistance
 H - a +2 hat (worn)
 L - a +1 large shield of protection (worn)
 P - the +0 ring mail of Protective Custody {rC+ rN++ Regen+ Dex-3, unknown}
   (Okawaru gifted it to you on level 2 of the Lair of Beasts)

   It affects your dexterity (-3).
   It protects you from cold.
   It greatly protects you from negative energy.
   It increases your rate of regeneration.
 S - a +0 pair of boots (worn)
Jewellery
 e - a +4 amulet of reflection (around neck)
 o - a +4 ring of strength (right hand)
 s - a +4 ring of dexterity (left hand)
 N - an uncursed amulet of guardian spirit
 V - an uncursed ring of fire
Wands
 c - a wand of digging (7)
 q - a wand of acid (30)
 t - a wand of polymorph (14)
 R - a wand of flame (4)
 X - a wand of iceblast (6)
Scrolls
 b - 2 scrolls of fog
 i - 3 scrolls of amnesia
 l - 3 scrolls of magic mapping
 r - 4 scrolls of teleportation
Potions
 d - 2 potions of might
 g - a potion of resistance
 h - 2 potions of berserk rage
 j - 3 potions of brilliance
 m - 3 potions of lignification
 p - 2 potions of agility {unknown}
 u - 4 potions of haste {unknown}
 x - 2 potions of curing
 z - 2 potions of cancellation
 A - a potion of invisibility
 F - a potion of magic
 G - a potion of flight {unknown}
 Q - a potion of ambrosia {unknown}
Comestibles
 f - 21 rations


   Skills:
 * Level 12.5 Fighting
 * Level 12.3 Long Blades
 + Level 7.3 Throwing
 * Level 12.6 Armour
 + Level 8.0 Dodging
 * Level 12.6 Shields
 + Level 6.3 Evocations


You had 12 spell levels left.
You didn't know any spells.
Your spell library contained the following spells:

 Spells                   Type           Power        Failure   Level  Hunger
 Animate Skeleton         Necr           N/A          97%         1    ##.....
 Pain                     Necr           #...         97%         1    ##.....
 Regeneration             Chrm/Necr      #.........   100%        3    ####...
 Vampiric Draining        Necr           #.........   100%        3    ####...
 Animate Dead             Necr           N/A          100%        4    #####..


Dungeon Overview and Level Annotations

Branches:
Dungeon (9/15)             Temple (1/1) D:6            Lair (5/6) D:8
  Swamp (0/4) Lair:2       Spider (0/4) Lair:3          Orc (2/2) D:9
  Slime: Lair:5-6       Elf: Orc:2

Altars:
Ashenzari
Cheibriados
Dithmenos
Elyvilon
Fedhas
Gozag
Hepliaklqana
Kikubaaqudgha
Makhleb
Nemelex Xobeh
Okawaru
Qazlal
Ru
Sif Muna
Trog
Uskayaw
Vehumet
Wu Jian
Xom
Yredelemnul
Zin
The Shining One
Beogh

Shops:
Orc:2 [::*

Annotations:
Lair:3 exclusion: 4 oklob plants


Innate Abilities, Weirdness & Mutations

You reflexively headbutt those who attack you in melee.
You have a pair of horns on your head.
You are agile. (Dex +2)
Armour fits poorly on your strangely shaped body.
Your body sometimes deteriorates upon taking damage.


Message History

* * * LOW HITPOINT WARNING * * *
You feel much better.
The two-headed ogre hits you with a giant spiked club.
* * * LOW HITPOINT WARNING * * *
The two-headed ogre hits you with a giant spiked club!
* * * LOW HITPOINT WARNING * * *
You block the two-headed ogre's attack. The two-headed ogre misses you.
You barely miss the two-headed ogre.
The two-headed ogre is severely wounded.
You block the two-headed ogre's attack. x2
Unknown command.
You barely miss the two-headed ogre.
Your headbutt misses the two-headed ogre.
The two-headed ogre is severely wounded.
You block the two-headed ogre's attack. x2
Unknown command.
You closely miss the two-headed ogre. You headbutt the two-headed ogre.
The two-headed ogre is severely wounded.
The two-headed ogre hits you with a giant spiked club!!
You die...

##...............#
#..............#####
#.............####.##
##............###....#
#............###......
##...........##.#....#
##.)................##
#..)>O..........#...#
#....@.....#.......##
##.........#....#.##
#................##
#..........##...##
#...#.....###...#
##.#....######.##
###.....#.#####
##.......##
##..#.....##


You could see a two-headed ogre.

Vanquished Creatures
  Gastronok (Lair:2)
  5 hydras
  7 two-headed ogres
  An ogre mage (Orc:1)
  6 death yaks (Lair:4)
  Nergalle (Lair:4)
  A lindwurm (Lair:3)
  7 elephants
  2 black mambas
  8 spiny frogs
  6 komodo dragons
  5 trolls (Orc:1)
  8 blink frogs
  Prince Ribbit (D:6)
  11 dream sheep (Lair:4)
  3 hippogriffs
  16 yaks
  A wyvern (Lair:1)
  A basilisk (Lair:4)
  Menkaure (D:4)
  4 wargs
  11 water moccasins
  11 porcupines
  Duvessa (D:6)
  13 orc warriors
  A phantom (D:8)
  16 ogres
  A centaur (D:9)
  12 wolves
  11 crocodiles
  Dowan (D:6)
  10 bullfrogs
  A water moccasin skeleton (D:8)
  3 scorpions
  4 wights (D:8)
  An electric eel (Lair:2)
  2 crimson imps
  2 howler monkeys (D:6)
  3 bullfrog zombies
  9 hounds
  A gnoll shaman (D:3)
  2 jellies (D:5)
  A centaur skeleton (D:9)
  6 orc priests
  2 bullfrog skeletons (D:9)
  Crazy Yiuf (D:3)
  2 iguanas (D:4)
  10 orc wizards
  10 worker ants
  A hound skeleton (D:6)
  A howler monkey skeleton (D:6)
  5 adders
  4 gnolls (D:3)
  4 shadow imps
  2 oozes
  2 dart slugs (D:1)
  5 worms
  7 leopard geckos
  47 orcs
  12 giant cockroaches
  9 goblins
  11 hobgoblins
  6 jackals
  8 kobolds
  4 quokkas (D:3)
  A ball python (D:3)
  11 bats
  2 frilled lizards
  A jackal skeleton (D:6)
  2 leopard gecko zombies
  7 rats
  2 plants
398 creatures vanquished.

Vanquished Creatures (others)
  4 fungi
  6 plants
10 creatures vanquished.

Grand Total: 408 creatures vanquished

Notes
Turn   | Place    | Note
-------+----------+-------------------------------------------
     0 | D:1      | Kidiri the Minotaur Fighter began the quest for the Orb.
     0 | D:1      | Reached XP level 1. HP: 19/19 MP: 0/0
    44 | D:1      | Reached XP level 2. HP: 17/27 MP: 1/1
   353 | D:1      | Reached XP level 3. HP: 27/33 MP: 2/2
   705 | D:2      | Reached skill level 1 in Dodging
   789 | D:2      | Found a glowing golden altar of the Shining One.
   798 | D:2      | Reached skill level 1 in Throwing
   900 | D:2      | Reached XP level 4. HP: 39/40 MP: 3/3
  1280 | D:3      | Found a hide-covered altar of Uskayaw.
  1300 | D:3      | Reached XP level 5. HP: 16/47 MP: 4/4
  2024 | D:3      | Found a runed door.
  2028 | D:3      | Noticed Crazy Yiuf
  2038 | D:3      | Killed Crazy Yiuf
  2219 | D:4      | Noticed Menkaure
  2238 | D:4      | Killed Menkaure
  2238 | D:4      | Reached skill level 5 in Shields
  2238 | D:4      | Reached XP level 6. HP: 16/55 MP: 5/5
  2500 | D:4      | Reached skill level 5 in Fighting
  2500 | D:4      | Reached skill level 5 in Armour
  2922 | D:4      | Found an opulent altar of Gozag.
  3658 | D:5      | Entered Level 5 of the Dungeon
  3735 | D:5      | Found a sacrificial altar of Ru.
  3760 | D:5      | Reached skill level 1 in Evocations
  3760 | D:5      | Reached XP level 7. HP: 58/61 MP: 6/6
  3782 | D:5      | Gained mutation: Your flesh is heat resistant. (rF+)
                  | [potion of mutation]
  3782 | D:5      | Gained mutation: You have sharp toenails. [potion of
                  | mutation]
  3816 | D:5      | Found a white marble altar of Elyvilon.
  4033 | D:5      | Reached skill level 5 in Long Blades
  4358 | D:6      | Noticed Prince Ribbit
  4454 | D:6      | Killed Prince Ribbit
  4454 | D:6      | Reached XP level 8. HP: 52/70 MP: 8/8
  4533 | D:6      | Lost mutation: Your flesh is heat resistant. (rF+) [potion
                  | of mutation]
  4533 | D:6      | Lost mutation: You have sharp toenails. [potion of
                  | mutation]
  4533 | D:6      | Gained mutation: You are frail. (-10% HP) [potion of
                  | mutation]
  4533 | D:6      | Gained mutation: You have sharp toenails. [potion of
                  | mutation]
  4533 | D:6      | Gained mutation: You have razor-sharp toenails. [potion of
                  | mutation]
  4715 | D:6      | Noticed a two-headed ogre
  4722 | D:6      | Killed a two-headed ogre
  4722 | D:6      | Reached XP level 9. HP: 48/71 MP: 9/9
  4797 | D:6      | Noticed Duvessa
  4797 | D:6      | Noticed Dowan
  4808 | D:6      | Killed Duvessa
  4820 | D:6      | Killed Dowan
  4863 | D:6      | Found a staircase to the Ecumenical Temple.
  4874 | Temple   | Entered the Ecumenical Temple
  5011 | Temple   | Became a worshipper of Warmaster Okawaru
  5047 | D:6      | Found a sparkling altar of Nemelex Xobeh.
  6509 | D:8      | Found a staircase to the Lair.
  6543 | D:8      | Reached * piety under Okawaru
  6577 | D:8      | Lost mutation: You are frail. (-10% HP) [potion of
                  | mutation]
  6577 | D:8      | Lost mutation: You have razor-sharp toenails. [potion of
                  | mutation]
  6577 | D:8      | Lost mutation: You have sharp toenails. [potion of
                  | mutation]
  6577 | D:8      | Gained mutation: Your spells are a little harder to cast,
                  | but a little more powerful. [potion of mutation]
  6577 | D:8      | Gained mutation: You are partially covered in rugged brown
                  | scales. (AC +1, +3% HP) [potion of mutation]
  6577 | D:8      | Gained mutation: You are somewhat resistant to further
                  | mutation. [potion of mutation]
  6982 | D:8      | Got a smoking hand axe
  6983 | D:8      | Identified the +6 hand axe "Eschuo" {venom, rF+ Str+3} (You
                  | found it on level 8 of the Dungeon)
  7312 | D:9      | Reached XP level 10. HP: 90/90 MP: 11/11
  7332 | D:9      | Reached ** piety under Okawaru
  7436 | D:9      | Found a staircase to the Orcish Mines.
  8047 | Lair:1   | Entered Level 1 of the Lair of Beasts
  8329 | Lair:1   | Reached skill level 5 in Dodging
  8349 | Lair:1   | Reached *** piety under Okawaru
  8409 | Lair:1   | Got an encrusted leather armour
  8454 | Lair:1   | Identified the cursed +1 leather armour "Mupol" {rPois rF+}
                  | (You found it on level 1 of the Lair of Beasts)
  8608 | Lair:1   | Reached **** piety under Okawaru
  8825 | Lair:1   | Lost mutation: You are somewhat resistant to further
                  | mutation. [potion of mutation]
  8825 | Lair:1   | Lost mutation: Your spells are a little harder to cast, but
                  | a little more powerful. [potion of mutation]
  8825 | Lair:1   | Gained mutation: Your mind is acute. (Int +2) [potion of
                  | mutation]
  8825 | Lair:1   | Gained mutation: You are partially covered in slimy green
                  | scales. (AC +2) [potion of mutation]
  8849 | Lair:1   | Received a gift from Okawaru
  8978 | Lair:1   | Reached XP level 11. HP: 99/99 MP: 13/13
  8989 | Lair:1   | Reached skill level 5 in Throwing
  9003 | Lair:1   | Received a gift from Okawaru
  9342 | Lair:2   | Noticed Gastronok
  9358 | Lair:2   | Killed Gastronok
  9358 | Lair:2   | Reached skill level 10 in Armour
  9358 | Lair:2   | Reached skill level 10 in Shields
  9765 | Lair:2   | Reached skill level 10 in Fighting
  9955 | Lair:2   | Noticed a four-headed hydra
  9962 | Lair:2   | Killed a four-headed hydra
  9962 | Lair:2   | Reached ***** piety under Okawaru
  9962 | Lair:2   | Reached skill level 10 in Long Blades
 10163 | Lair:2   | Received a gift from Okawaru
 10279 | Lair:2   | Received a gift from Okawaru
 10293 | Lair:2   | Got an ancient ring mail {god gift}
 10332 | Lair:2   | Reached XP level 12. HP: 106/111 MP: 14/14
 10531 | Lair:2   | Noticed a four-headed hydra
 10537 | Lair:2   | Killed a five-headed hydra
 10537 | Lair:2   | Reached skill level 5 in Evocations
 10764 | Lair:2   | Found a staircase to the Swamp.
 11108 | Lair:3   | Found a hole to the Spider Nest.
 11217 | Lair:3   | Noticed a four-headed hydra
 11228 | Lair:3   | Killed a four-headed hydra
 11452 | Lair:3   | Noticed a six-headed hydra
 11633 | Lair:3   | Killed a six-headed hydra
 12615 | Lair:4   | Noticed a death yak
 12616 | Lair:4   | Noticed a death yak
 12622 | Lair:4   | Noticed a death yak
 12622 | Lair:4   | Noticed a death yak
 12625 | Lair:4   | Noticed a death yak
 12628 | Lair:4   | Noticed a death yak
 13615 | Lair:4   | Killed a death yak
 13620 | Lair:4   | Killed a death yak
 13620 | Lair:4   | Received a gift from Okawaru
 13620 | Lair:4   | Killed a death yak
 13620 | Lair:4   | Reached ****** piety under Okawaru
 13620 | Lair:4   | HP: 7/171 [death yak (20)]
 13622 | Lair:4   | Killed a death yak
 13622 | Lair:4   | Reached XP level 13. HP: 9/120 MP: 16/16
 14068 | Lair:4   | Noticed Nergalle
 14087 | Lair:4   | Killed Nergalle
 14847 | Lair:5   | Found an iron altar of Okawaru.
 15933 | Lair:1   | Lost mutation: You are partially covered in rugged brown
                  | scales. (AC +1, +3% HP) [potion of mutation]
 15933 | Lair:1   | Lost mutation: Your mind is acute. (Int +2) [potion of
                  | mutation]
 15933 | Lair:1   | Lost mutation: You are partially covered in slimy green
                  | scales. (AC +2) [potion of mutation]
 15933 | Lair:1   | Gained mutation: Your body sometimes deteriorates upon
                  | taking damage. [potion of mutation]
 15933 | Lair:1   | Gained mutation: Armour fits poorly on your strangely
                  | shaped body. [potion of mutation]
 15933 | Lair:1   | Gained mutation: You are agile. (Dex +2) [potion of
                  | mutation]
 16020 | Orc:1    | Entered Level 1 of the Orcish Mines
 16063 | Orc:1    | Found a roughly hewn altar of Beogh.
 16310 | Orc:2    | Entered Level 2 of the Orcish Mines
 16310 | Orc:2    | Found Fip Wez's Book Shop.
 16310 | Orc:2    | Found Murph's Assorted Antiques.
 17039 | Orc:2    | Noticed an ettin
 17229 | Orc:1    | Received a gift from Okawaru
 17598 | Orc:2    | Found Ceivahej's Book Shop.
 17603 | Orc:2    | Found Vaekau's Armour Shoppe.
 17642 | Orc:1    | Slain by a two-headed ogre

Vault maps used:
D:1:      dpeg_arrival_pits, minmay_misc_feat_encased, st_stairs_7,
          minivault_27, minmay_liquid_box
D:2:      lemuel_round_altar, first_ration, minivault_4
D:3:      lemuel_crystal_altar, serial_glass, glass_columns_a, glass_columns_c,
          glass_columns_a, glass_columns_b, glass_columns_b,
          minmay_misc_feat_alley, uniq_crazy_yiuf_cottage
D:4:      nicolae_overflow_crystal_walls, uniq_menkaure
D:5:      nicolae_ru_awakened_eye, lemuel_doored_altar
D:6:      kennysheep_mini_moat, minmay_temple_entry_statues_pillars,
          uniq_prince_ribbit1, uniq_duvessa
D:8:      erik_lair_orcish_takeover, grunt_pizzeria
D:9:      david_orc_4
Temple:   nicolae_temple_elliptical
Lair:1:   grunt_megastairs_3
Lair:2:   cheibrodos_lair_river_kwai, swamp_mist, beast_lair_carwin_7,
          lemuel_fruit_tree, grunt_megastairs_2, serial_bayou_shore_a,
          uniq_gastronok
Lair:3:   nicolae_spider_entry_non_spiders, minmay_lair_oklob_chamber
Lair:4:   infiniplex_staircase_pool_2, uniq_nergalle
Lair:5:   basic_altar, minivault_19, serial_bayou_shore_b, grunt_megastairs_5
Orc:1:    mines1_david
Orc:2:    st_orc_open

Skill      XL: |  1  2  3  4  5  6  7  8  9 10 11 12 13 |
---------------+----------------------------------------+-----
Fighting       | 4 5 6 7 8 9 10 11 12 | 12.5
Armour         | 4 5 6 7 8 9 10 11 12 | 12.6
Shields        | 4 5 6 7 8 9 10 11 12 | 12.6
Dodging        | 1 2 3 4 5 6 7 8 |  8.0
Throwing       | 1 2 3 4 5 6 7 |  7.3
Long Blades    | 3 4 5 6 7 9 10 11 12 | 12.3
Evocations     | 1 2 3 4 5 6 |  6.3

Action                   |  1- 3 |  4- 6 |  7- 9 | 10-12 | 13-15 || total
-------------------------+-------+-------+-------+-------+-------++-------
Melee: Long sword        |    85 |   143 |   240 |    89 |   138 ||   695
       Headbutt          |    15 |    31 |    62 |   165 |    81 ||   354
       Kick              |       |       |   100 |       |       ||   100
       Hand axe          |       |       |    11 |   387 |    66 ||   464
Throw: Stone             |       |     1 |    85 |     3 |       ||    89
       Tomahawk          |       |       |       |    14 |    13 ||    27
Evoke: Wand              |       |       |       |    22 |     3 ||    25
  Use: Scroll            |     4 |     7 |     6 |     8 |     4 ||    29
       Potion            |       |       |     5 |     2 |     2 ||     9
  Eat: Chunk             |       |     7 |     5 |     9 |     6 ||    27
       Ration            |       |     1 |     2 |     3 |     2 ||     8
Armor: Scale mail        |    34 |     2 |       |       |       ||    36
       Chain mail        |       |    50 |    48 |    24 |       ||   122
       Leather armour    |       |       |       |    76 |    77 ||   153
Dodge: Dodged            |    24 |    32 |    52 |   140 |   148 ||   396
Block: Shield            |    57 |    92 |   172 |   115 |       ||   436
       Reflection        |     2 |       |       |     2 |     7 ||    11
       Large shield      |       |       |       |   472 |   381 ||   853
       Rpst.: Long sword |     5 |     9 |    12 |     4 |    19 ||    49

Table legend:
 A = Non-vault XP
 B = Vault XP
 C = Vault XP percentage of total XP
 D = Non-vault monster count
 E = Vault monster count
 F = Vault count percentage of total count
                 A         B        C        D         E       F
            +---------+---------+-------+---------+---------+-------
      Total |   35868 |   20593 |  36.5 |     302 |      94 |  23.7
            +---------+---------+-------+---------+---------+-------
        D:1 |      49 |       4 |   7.5 |      27 |       2 |   6.9
        D:2 |      51 |       0 |   0.0 |      25 |       0 |   0.0
        D:3 |     126 |      39 |  23.6 |      18 |       1 |   5.3
        D:4 |     262 |     183 |  41.1 |      18 |       1 |   5.3
        D:5 |     478 |       0 |   0.0 |      22 |       0 |   0.0
        D:6 |    1659 |     493 |  22.9 |      24 |       3 |  11.1
        D:7 |      85 |       0 |   0.0 |       3 |       0 |   0.0
        D:8 |    1248 |     742 |  37.3 |      27 |       9 |  25.0
        D:9 |     371 |     726 |  66.2 |      10 |      17 |  63.0
     Lair:1 |    4371 |    1370 |  23.9 |      22 |       6 |  21.4
     Lair:2 |    5191 |    6469 |  55.5 |      19 |      21 |  52.5
     Lair:3 |    4944 |    1473 |  23.0 |      21 |      11 |  34.4
     Lair:4 |   12521 |     812 |   6.1 |      34 |       1 |   2.9
     Lair:5 |    2174 |     369 |  14.5 |       6 |       2 |  25.0
      Orc:1 |    2295 |    7665 |  77.0 |      23 |      18 |  43.9
      Orc:2 |      43 |     248 |  85.2 |       3 |       2 |  40.0
            +---------+---------+-------+---------+---------+-------
